 Dungeon Crawl Stone Soup version 0.29-a0-789-g7a8fcbc185 (webtiles) character file.

Game seed: 4130405058299655347

1687 kevlar127 the Ruffian (level 8, 0/84 HPs)
             Began as a Troll Berserker on July 3, 2022.
             Was a Believer of Trog.
             Succumbed to a water moccasin's poison
             ... on level 6 of the Dungeon.
             The game lasted 00:19:56 (5314 turns).

kevlar127 the Ruffian (Troll Berserker)             Turns: 5314, Time: 00:19:56

Health: 0/84       AC:  5    Str: 28    XL:     8   Next: 71%
Magic:  7/7        EV: 10    Int:  3    God:    Trog [**....]
Gold:   336        SH:  0    Dex:  9    Spells: 7/7 levels left

rFire   . . .      SeeInvis .     - Unarmed
rCold   + . .      Faith    .   (no shield)
rNeg    . . .      Spirit   .   m - +1 robe {rC+}
rPois   .          Reflect  .   (helmet restricted)
rElec   .          Harm     .   (no cloak)
rCorr   +          Rampage  .   (gloves unavailable)
Will    .....                   (boots unavailable)
Stlth   +.........              (no amulet)
HPRegen 1.04/turn               D - ring of resist corrosion
MPRegen 0.10/turn               (no ring)

@: lethally poisoned (0 -> -12)
A: large, unfitting armour, claws 3, regeneration 1, shaggy fur 1, tough skin 1
a: Renounce Religion, Berserk, Trog's Hand


You were on level 6 of the Dungeon.
You worshipped Trog.
Trog was pleased with you.
You visited 1 branch of the dungeon, and saw 6 of its levels.

You collected 336 gold pieces.

Inventory:

Missiles
 a - 10 poisoned darts
 c - 33 stones
 e - 4 javelins
 u - 8 boomerangs (quivered)
 B - a throwing net
Armour
 m - a +1 robe of cold resistance (worn)
Jewellery
 y - an amulet of magic regeneration
 D - a ring of resist corrosion (left claw)
Wands
 p - a wand of light (9)
 t - a wand of flame (5)
Scrolls
 b - a scroll of magic mapping {unknown}
 d - 3 scrolls of teleportation {unknown}
 g - a scroll of enchant armour {unknown}
 i - 5 scrolls of identify {unknown}
 n - a scroll of vulnerability {unknown}
 o - a scroll of amnesia {unknown}
 q - a scroll of blinking {unknown}
 s - 2 scrolls of enchant weapon {unknown}
 x - 5 scrolls of immolation {unknown}
 A - a scroll of fear {unknown}
Potions
 f - a potion of cancellation {unknown}
 h - 2 potions of heal wounds {unknown}
 j - 6 potions of curing {unknown}
 k - a potion of invisibility {unknown}
 l - a potion of berserk rage {unknown}
 r - a potion of flight {unknown}
 v - a potion of lignification {unknown}
 w - a potion of resistance
 z - a potion of haste {unknown}
 C - a potion of attraction {unknown}


   Skills:
 + Level 6.4 Fighting
 + Level 3.6 Throwing
 - Level 3.0 Dodging
 + Level 7.8 Unarmed Combat


You had 7 spell levels left.
You didn't know any spells.
Your spell library was empty.

Dungeon Overview and Level Annotations

Branches:
Dungeon (6/15)             Temple (0/1) D:4

Altars:
Hepliaklqana
Okawaru
Qazlal
Vehumet
Xom
Yredelemnul

Shops:
D:1 *   D:4 (   D:6 [


Innate Abilities, Weirdness & Mutations

You are too large for most types of armour.
You have claws for hands.
Your natural rate of healing is unusually fast.
You are covered in fur. (AC +1)
You have tough skin. (AC +1)


Message History

You are too injured to fight recklessly!
You are too injured to fight recklessly!
You miss the water moccasin.
The water moccasin is lightly wounded.
You feel very sick. The water moccasin bites you.
You are more poisoned.
The water moccasin poisons you!
You scratch the water moccasin.
The water moccasin is heavily wounded.
You feel very sick.
The water moccasin bites you but does no damage.
You closely miss the water moccasin.
The water moccasin is heavily wounded.
You feel very sick. The water moccasin bites you.
* * * LOW HITPOINT WARNING * * *
You scratch the water moccasin.
The water moccasin is severely wounded.
You feel very sick. The water moccasin closely misses you.
You closely miss the water moccasin.
The water moccasin is severely wounded.
You feel very sick.
The water moccasin bites you but does no damage.
The water moccasin bites you!
* * * LOW HITPOINT WARNING * * *
You claw the water moccasin!
The water moccasin is almost dead.
You feel sick. The water moccasin barely misses you.
You barely miss the water moccasin.
The water moccasin is almost dead.
You feel sick. The water moccasin bites you.
* * * LOW HITPOINT WARNING * * *
You are lethally poisoned!
The water moccasin poisons you!
You claw the water moccasin!
You kill the water moccasin!
Trog accepts your kill.
You die...

#.......†#'######
####+##..#.# #.##..#.#
#####.##..#.####
...............#
#####.###......####
..................# .
#####.####..[.....##....
#...<>..........@..$....
#.####.........#########
#.#................
#.#.##.........####
#.#.##.....#####
#.#........#
..#........#
#.#........#
###.....####


There were no monsters in sight!

Vanquished Creatures
  Pikel (D:4)
  Eustachio (D:4)
  2 water moccasins
  An ogre (D:5)
  The ghost of happo123 the Shooter, an amateur MiHu of Okawaru (D:3)
  2 lemures (D:4)
  The ghost of jifgo the Insei, an amateur OpTm of Wu Jian (D:4)
  Blork the orc (D:4)
  3 scorpions
  The ghost of happo123 the Shooter, a weakling MiHu of Okawaru (D:3)
  The ghost of Wiilli the Ducker, a weakling SpVM (D:3)
  A hound (D:4)
  Ijyb (D:4)
  2 iguanas
  2 orc wizards (D:5)
  10 adders
  4 gnolls (D:6)
  A shadow imp (D:5)
  3 worms
  The ghost of Iamsock the Sneak, a weakling DsDe (D:3)
  A dart slug (D:2)
  10 orcs
  12 ball pythons
  5 endoplasms
  3 giant cockroaches
  7 goblins
  5 hobgoblins
  2 jackals (D:2)
  3 quokkas
  A bat (D:3)
  3 frilled lizards
  11 kobolds
  5 rats
  A spectral orc (D:4)
109 creatures vanquished.

Vanquished Creatures (others)
  15 plants
  2 withered plants (D:3)
17 creatures vanquished.

Grand Total: 126 creatures vanquished

Notes
Turn   | Place    | Note
-------+----------+-------------------------------------------
     0 | D:1      | kevlar127 the Troll Berserker began the quest for the Orb.
     0 | D:1      | Reached XP level 1. HP: 22/22 MP: 0/0
    68 | D:1      | Found a faded altar of an unknown god.
   116 | D:1      | Reached XP level 2. HP: 29/29 MP: 1/1
   504 | D:1      | Found Winymy's Assorted Antiques.
   726 | D:2      | Reached XP level 3. HP: 36/36 MP: 2/2
   741 | D:2      | Reached ** piety under Trog
   943 | D:2      | Reached XP level 4. HP: 45/45 MP: 3/3
  1264 | D:2      | Reached skill level 4 in Unarmed Combat
  2348 | D:3      | You fall into a shaft and drop 1 floor!
  2383 | D:4      | Noticed Ijyb
  2401 | D:4      | Killed Ijyb
  2402 | D:4      | Reached XP level 5. HP: 53/53 MP: 4/4
  2514 | D:3      | Found a runed translucent gate.
  2517 | D:3      | Found a runed translucent gate.
  2517 | D:3      | Found a runed translucent gate.
  2517 | D:3      | Noticed Iamsock's ghost (weakling DsDe)
  2518 | D:3      | Noticed happo123's ghost (amateur MiHu)
  2518 | D:3      | Noticed happo123's ghost (weakling MiHu)
  2519 | D:3      | Noticed Wiilli's ghost (weakling SpVM)
  2648 | D:3      | Found an iron altar of Okawaru.
  2976 | D:4      | Noticed Blork the orc
  2988 | D:4      | Killed Blork the orc
  3054 | D:4      | Found a staircase to the Ecumenical Temple.
  3091 | D:4      | Found Ytuir's Antique Weapon Shop.
  3119 | D:4      | Noticed a lemure
  3119 | D:4      | Noticed a lemure
  3119 | D:4      | Noticed a lemure
  3120 | D:4      | Noticed Pikel
  3143 | D:4      | Noticed a lemure
  3199 | D:4      | Killed a lemure
  3208 | D:4      | Killed a lemure
  3214 | D:4      | Killed Pikel
  3215 | D:4      | Reached skill level 5 in Fighting
  3215 | D:4      | Reached skill level 6 in Unarmed Combat
  3215 | D:4      | Reached XP level 6. HP: 62/66 MP: 5/5
  3215 | D:4      | Reached XP level 7. HP: 67/72 MP: 6/6
  3302 | D:4      | Found a shimmering altar of Xom.
  3324 | D:4      | Found a basalt altar of Yredelemnul.
  3407 | D:4      | Found a runed translucent door.
  3441 | D:4      | Noticed Eustachio
  3463 | D:5      | Entered Level 5 of the Dungeon
  3615 | D:5      | Reached skill level 1 in Throwing
  3917 | D:5      | Found a hazy altar of Hepliaklqana.
  4027 | D:5      | Reached XP level 8. HP: 83/83 MP: 7/7
  4219 | D:4      | Killed Eustachio
  4220 | D:4      | Reached skill level 7 in Unarmed Combat
  4310 | D:4      | Noticed jifgo's ghost (amateur OpTm)
  4453 | D:3      | Killed Wiilli's ghost
  4458 | D:3      | Killed happo123's ghost
  4467 | D:3      | Killed happo123's ghost
  4477 | D:3      | Killed Iamsock's ghost
  4611 | D:4      | Killed jifgo's ghost
  4728 | D:5      | Found a radiant altar of Vehumet.
  4924 | D:5      | Found a stormy altar of Qazlal.
  5247 | D:6      | Found Ymippeb's Armour Boutique.
  5314 | D:6      | Succumbed to a water moccasin's poison

Illustrated notes

Levels and vault maps discovered:
D:1:      minmay_arrival_nine_rooms, layout_loops_ring, basic_ecumenical_altar,
          serial_shops, shop
D:2:      layout_loops_ring, serial_bayou, serial_bayou_shore_b,
          serial_bayou_ford_a, serial_bayou_pond_e, serial_bayou_lake_a,
          serial_bayou_shore_a, chequers_serial_rivers_micro_d,
          minmay_door_square, minmay_pentomino_z2
D:3:      layout_basic, mainiacjoe_overflow_catwalk, serial_forest,
          infiniplex_forest_lined_3, infiniplex_forest_zigzag_1,
          infiniplex_forest_straight_2, infiniplex_forest_lined_3,
          infiniplex_forest_zigzag_2, infiniplex_forest_end_2,
          infiniplex_forest_zigzag_1, infiniplex_forest_zigzag_1,
          infiniplex_forest_lined_3_way, gammafunk_ghost_cemetery
D:4:      layout_cave_pools, yredelemnul_forgotten_temple_becter,
          mainiacjoe_overflow_alcove_4, minmay_temple_entry_statues_fountains,
          ebering_ghost_sewer_d, serial_shops, nicolae_inconvenience_store,
          minmay_misc_feat_rows, hangedman_abyss_or_decor_lesser_grid,
          uniq_pikel, uniq_ijyb, uniq_eustachio, uniq_blork_the_orc
D:5:      layout_loops_ring, nicolae_qazlal_eye_of_the_storm,
          mainiacjoe_overflow_alcove_2, mainiacjoe_overflow_surrounded_room,
          serial_bayou, serial_bayou_shore_b, serial_bayou_shore_b,
          serial_bayou_shore_b
D:6:      cheibrodos_fertilizer, layout_basic, serial_shops, shop,
          lightli_ossuary_entry_decrepit_ruins, kennysheep_generic_room_15

Skill      XL: |  1  2  3  4  5  6  7  8 |
---------------+-------------------------+-----
Fighting       | 3 5 6 |  6.4
Dodging        | 3 |  3.0
Unarmed Combat | 4 6 7 |  7.8
Throwing       | 1 3 |  3.6

Action                   |  1- 3 |  4- 6 |  7- 9 || total
-------------------------+-------+-------+-------++-------
Melee: Unarmed           |    85 |   127 |   173 ||   385
       Punch             |       |     1 |     5 ||     6
Throw: Stone             |     1 |       |       ||     1
       Dart              |       |       |    10 ||    10
       Boomerang         |       |       |     4 ||     4
Invok: Berserk           |       |     2 |     3 ||     5
       Trog's Hand       |       |     1 |     7 ||     8
 Stab: Sleeping          |     2 |       |     1 ||     3
Armor: Animal skin       |    23 |     4 |       ||    27
       Robe              |       |    23 |    82 ||   105
Dodge: Dodged            |    23 |    54 |   155 ||   232

Table legend: (Time is in decaauts)
 A = Elapsed time spent in this place.
 B = Non-inter-level travel time spent in this place.
 C = Inter-level travel time spent in this place.
 D = Time resting spent in this place.
 E = Time spent auto-exploring this place.
 F = Levels seen in this place.
 G = Mean time per level.
                   A        B        C        D        E       F      G
               +--------+--------+--------+--------+--------+-----+--------+
         Total |   5400 |   5067 |    333 |    664 |   3437 |   6 |  900.0 |
       Dungeon |   5400 |   5067 |    333 |    664 |   3437 |   6 |  900.0 |
               +--------+--------+--------+--------+--------+-----+--------+

Top non-repeatable levels by time:
     D:2: 1592 daAuts
     D:5: 1102 daAuts
     D:4: 1001 daAuts
     D:3: 815 daAuts
     D:1: 718 daAuts
     D:6: 169 daAuts
